 Dungeon Crawl Stone Soup version 0.27.1-2-g3b301248ec (webtiles) character file.

Game seed: 13076089270167029888

66 sanka the Changer (level 3, 27/27 HPs)
             Began as a Demigod Transmuter on Sept 25, 2021.
             Quit the game on level 2 of the Dungeon.
             The game lasted 00:04:46 (2261 turns).

sanka the Changer (Demigod Transmuter)              Turns: 2261, Time: 00:04:46

Health: 27/27      AC:  2    Str: 11    XL:     3   Next: 69%
Magic:  8/8        EV: 12    Int: 19    God:
Gold:   72         SH:  0    Dex: 14    Spells: 0/6 levels left

rFire    . . .     SeeInvis .     - Unarmed
rCold    . . .     Faith    .   (no shield)
rNeg     . . .     Spirit   .   a - +0 robe
rPois    .         Reflect  .   (helmet currently unavailable)
rElec    .         Harm     .   (no cloak)
rCorr    .         Rampage  .   (no gloves)
Will     .....                  (boots currently unavailable)
Stlth    +.........             (no amulet)
HPRegen  0.09/turn              (no ring)
MPRegen  0.11/turn              d - ring of wizardry

@: appendages
A: horns 2, talons 2, high mp 1, forlorn
a: End Transformation


You were on level 2 of the Dungeon.
You had temporarily grown beastly horns and talons.
You visited 1 branch of the dungeon, and saw 2 of its levels.

You collected 72 gold pieces.


Innate Abilities, Weirdness & Mutations

You have temporarily grown beastly horns and talons.
Your attributes grow dramatically as you level up.
You have an increased reservoir of magic. (+10% MP)
You shall have no god before yourself.


   Skills:
 - Level 0.8 Fighting
 - Level 1.7 Dodging
 - Level 2.6 Unarmed Combat
 - Level 2.0 Spellcasting
 + Level 3.8 Transmutations


You couldn't memorise any spells.
You knew the following spells:

 Your Spells              Type           Power      Damage    Failure   Level
x - Spider Form           Tmut/Pois      4%         N/A       10%         3
y - Wereblood             Tmut           16%        N/A       2%          2
z - Beastly Appendage     Tmut           32%        N/A       1%          1

Your spell library contained the following spells:

 Spells                   Type           Power      Damage    Failure   Level
 Ensorcelled Hibernation  Hex/Ice        2%         N/A       11%         2
 Ice Form                 Ice/Tmut       9%         N/A       30%         4
 Shadow Creatures         Summ           N/A        N/A       100%        6

Inventory:

Armour
 a - a +0 robe (worn)
Jewellery
 d - a ring of wizardry (right hand)
Scrolls
 b - 3 scrolls of identify {unknown}
 c - a scroll of fear {unknown}
Potions
 e - a potion of attraction {unknown}
 f - a potion of invisibility {unknown}
 g - 2 potions of flight {unknown}

Dungeon Overview and Level Annotations

Branches:
Dungeon (2/15)

.......).........▒
................>...▒
........................▒
........................▒
........................▒
........>..............▒▒
.......................▒
.........<............<▒
................p......▒
........▒..........[..▒▒
▒.......▒......▒.....▒▒
..▒▒......▒▒▒.▒▒▒▒▒▒▒▒
.†...(.▒..▒ ▒.▒
▒▒.(......▒▒▒.▒
▒▒..........▒.▒
......▒▒▒.....▒
......<▒▒▒.▒..▒▒▒▒


There were no monsters in sight!


Message History

No target in view!
You start resting.
HP restored.
Found an escape hatch in the floor.
A kobold comes into view.
It is wielding a +0 antimagic short sword.
The kobold shouts!
Found a spear.
You grow a pair of large bovine horns.
Your feet morph into talons.
The kobold throws a stone.
The stone barely misses you.
The kobold throws a stone.
The stone closely misses you. The kobold barely misses you.
You barely miss the kobold. The kobold closely misses you.
You hit the kobold.
The kobold is moderately wounded.
The kobold hits you but does no damage.
You barely miss the kobold. You claw the kobold.
You kill the kobold!
No target in view!
No target in view!
You pick up a book of Dreams and begin reading...
You add the spells Ensorcelled Hibernation and Shadow Creatures to your library.
Things that are here:
a +0 antimagic short sword; 4 stones
g - 2 cyan potions
Items here: ( )) †.
Are you sure you want to abandon this character and quit the game? (Confirm with "yes".)

Action                   || total
-------------------------++-------
Melee: Unarmed           ||   137
       Kick              ||    32
       Headbutt          ||    12
       Punch             ||     4
 Cast: Beastly Appendage ||    33
       Spider Form       ||     1
Armor: Robe              ||    47
Dodge: Dodged            ||   130

Levels and vault maps discovered:
D:1:      nicolae_arrival_memento_mori, layout_basic,
          shapermc_ecumenical_altar_acropolis, minmay_misc_feat_secret_circle
D:2:      layout_rooms, basic_altar

Notes
Turn   | Place    | Note
-------+----------+-------------------------------------------
     0 | D:1      | sanka the Demigod Transmuter began the quest for the Orb.
     0 | D:1      | Reached XP level 1. HP: 15/15 MP: 5/5
   101 | D:2      | Reached skill level 2 in Spellcasting
   101 | D:2      | Reached skill level 2 in Transmutations
   301 | D:2      | Reached XP level 2. HP: 17/22 MP: 5/7
   726 | D:2      | Learned a level 2 spell: Wereblood
   782 | D:2      | Reached skill level 3 in Transmutations
  1263 | D:1      | Reached XP level 3. HP: 27/27 MP: 8/8
  1274 | D:1      | Learned a level 3 spell: Spider Form
  2261 | D:2      | Quit the game

Vanquished Creatures
  An adder (D:2)
  A gnoll (D:1)
  A worm (D:2)
  2 dart slugs
  3 endoplasms
  3 giant cockroaches (D:1)
  4 goblins
  2 hobgoblins
  2 jackals
  4 ball pythons
  6 bats
  4 frilled lizards
  6 kobolds
  5 rats
44 creatures vanquished.

Vanquished Creatures (others)
  A plant (D:1)
1 creature vanquished.

Grand Total: 45 creatures vanquished
